[Event "Early-Titled-Tuesday-Blitz-September-12-2023"]
[Site "Chess.com"]
[Date "2023.09.12"]
[Round "11"]
[White "MatyChess1"]
[Black "Anton_Demchenko"]
[Result "1-0"]
[WhiteElo "2722"]
[BlackElo "2916"]
[TimeControl "180+1"]
[EndTime "10:04:13 PDT"]
[Termination "MatyChess1 won by resignation"]

1. d4 Nf6 2. Bf4 d6 3. e3 g6 4.
Nf3 Bg7 5. h3 O-O 6. Be2 b6 7. O-O Bb7 8. Bh2 Nbd7 9. Nfd2 c5 10. Bf3 Qc7 11. Bxb7 Qxb7 12. Qf3 Rab8 13. c4 b5 14.
Qxb7 Rxb7 15. cxb5 cxd4 16. exd4 Rxb5 17. b3 Nd5 18.
Nf3 Rc8 19. Na3 Rbb8 20. Nc4 N7b6 21. Rfc1 Bh6 22. Rc2 Nxc4 23. bxc4 Rb4 24. c5 a5 25. cxd6 Rd8 26. Rc5 e6 27. Rxa5 Bf8 28. Ra6 Nb6 29. a3 Nc4 30. axb4 1-0

[Event "Early-Titled-Tuesday-Blitz-September-12-2023"]
[Site "Chess.com"]
[Date "2023.09.12"]
[Round "11"]
[White "vladgoncharov"]
[Black "ploxoi"]
[Result "1-0"]
[WhiteElo "2547"]
[BlackElo "2403"]
[TimeControl "180+1"]
[EndTime "10:04:21 PDT"]
[Termination "vladgoncharov won by resignation"]

1. d4 d5 2. c4 e6 3. Nc3 c6 4. e3 Nf6 5. Nf3 Nbd7 6. Bd3 dxc4 7.
Bxc4 b5 8. Bd3 Bb7 9. O-O a6 10.
a4 b4 11. Ne4 c5 12. Ned2 Be7 13. a5 Rc8 14. Qe2 cxd4 15. exd4 Nb8 16. Nc4 Nd5 17.
Nfe5 Bf6 18. Rd1 Nd7 19. Nd6+ Ke7 20. Nxb7 Qc7 21. Nxd7 Qxd7 22. Nc5 Qc7 23. Nb3 Rhd8 24. Bxa6 Ra8 25. Bc4 Nf4 26. Bxf4 Qxf4 27. g3 Qg5 28. a6 h5 29. Qe3 Qf5 30. Bd3 Qh3 31. Be4 Ra7 32. d5 Rad7 33. a7 h4 34. d6+ 1-0

[Event "Early-Titled-Tuesday-Blitz-September-12-2023"]
[Site "Chess.com"]
[Date "2023.09.12"]
[Round "11"]
[White "AnaKuchava"]
[Black "Irishchessman16"]
[Result "0-1"]
[WhiteElo "2231"]
[BlackElo "2450"]
[TimeControl "180+1"]
[EndTime "10:04:22 PDT"]
[Termination "Irishchessman16 won on time"]

1. d4 d5 2. Nf3 Nf6 3. c4 e6 4.
Nc3 Ne4 5. Bf4 Bb4 6. Qc2 Nc6 7. e3 g5 8. Bg3 h5 9. h4 Nxg3 10. fxg3 g4 11. cxd5 exd5 12. O-O-O gxf3 13. gxf3 Be6 14. Bb5 Qd6 15. Rhg1 a6 16. Bd3 Bxc3 17. Qxc3 Nb4 18.
Bb1 a5 19. a3 Nc6 20. Qc5 Qxc5+ 21. dxc5 a4 22. Kd2 Ra5 23. Rc1 Rb5 24. Rc2 Ke7 25. g4 hxg4 26. fxg4 Rxh4 27. Rg2 Rxg4 0-1

[Event "Early-Titled-Tuesday-Blitz-September-12-2023"]
[Site "Chess.com"]
[Date "2023.09.12"]
[Round "11"]
[White "ljuks68"]
[Black "kidagent"]
[Result "1-0"]
[WhiteElo "2434"]
[BlackElo "2232"]
[TimeControl "180+1"]
[EndTime "10:04:24 PDT"]
[Termination "ljuks68 won by resignation"]

1. e4 c5 2. Nf3 d6 3. d4 cxd4 4. Nxd4 Nf6 5. Nc3 a6 6. Bg5 e6 7. f4 b5 8. e5 dxe5 9. fxe5 Qc7 10. Qe2 Nfd7 11. O-O-O Nc6 12. Nxc6 Qxc6 13. Qh5 Bb7 14. Be2 g6 15. Qh4 h6 16. Bf3 Qc7 17. Bxb7 Qxb7 18. Rhf1 Qxg2 19. Bf6 Rg8 20. Ne4 g5 21. Qe1 Rc8 22. Rf2 Qg4 23. Rfd2 Bb4 24. Rxd7 1-0

[Event "Early-Titled-Tuesday-Blitz-September-12-2023"]
[Site "Chess.com"]
[Date "2023.09.12"]
[Round "11"]
[White "sjoerd893"]
[Black "profedechess93"]
[Result "0-1"]
[WhiteElo "2475"]
[BlackElo "2647"]
[TimeControl "180+1"]
[EndTime "10:04:29 PDT"]
[Termination "profedechess93 won by resignation"]

1. e4 e6 2. d4 d5 3. Nc3 Nf6 4. Bg5 Be7 5. e5 Nfd7 6. h4 Nc6 7. Nb5 a6 8. Nc3 h6 9. Bxe7 Qxe7 10.
Qg4 O-O 11. O-O-O f5 12. exf6 Nxf6 13. Qg3 b5 14. Nf3 b4 15. Ne2 Ne4 16. Qg6 Nxf2 17. Rh2 Nxd1 18. Kxd1 Rf6 19. Qg3 Qd6 20. Rh3 Bd7 21. Nc1 Be8 22. Nd3 Bh5 23. Qf2 Bxf3+ 24. gxf3 e5 25. dxe5 Nxe5 26. Rg3 Nc4 27. b3 Ne3+ 0-1

[Event "Early-Titled-Tuesday-Blitz-September-12-2023"]
[Site "Chess.com"]
[Date "2023.09.12"]
[Round "11"]
[White "MrTattaglia"]
[Black "WaybackBoy"]
[Result "1-0"]
[WhiteElo "2898"]
[BlackElo "2700"]
[TimeControl "180+1"]
[EndTime "10:04:34 PDT"]
[Termination "MrTattaglia won by resignation"]

1. e4 c5 2. Nf3 d6 3. d4 cxd4 4. Nxd4 Nf6 5. Nc3 Nc6 6. Bg5 e6 7. Qd2 a6 8. O-O-O Bd7 9. f4 b5 10. f5 b4 11. fxe6 fxe6 12. Nxc6 Bxc6 13. e5 dxe5 14. Qe2 Qc7 15. Qc4 bxc3 16. Qxe6+ Be7 17. Bxf6 cxb2+ 18. Kb1 gxf6 19. Bc4 Rf8 20. Qg4 Bd6 21. Qe6+ Be7 22. Be2 Bd7 23. Bh5+ Kd8 24. Rxd7+ Qxd7 25. Rd1 Qxd1+ 26. Bxd1 Ra7 27. Bg4 Rc7 28. Qd5+ Ke8 29.
Bh5+ 1-0

[Event "Early-Titled-Tuesday-Blitz-September-12-2023"]
[Site "Chess.com"]
[Date "2023.09.12"]
[Round "11"]
[White "RCone"]
[Black "GamayevOleg"]
[Result "0-1"]
[WhiteElo "2358"]
[BlackElo "2479"]
[TimeControl "180+1"]
[EndTime "10:04:40 PDT"]
[Termination "GamayevOleg won by checkmate"]

1. e4 d6 2. d4 Nf6 3. Nc3 e5 4. f3 Be7 5. Be3 c6 6. Nge2 exd4 7. Nxd4 O-O 8. Qd2 b5 9. O-O-O b4 10. Nce2 c5 11.
Nf5 Bxf5 12. exf5 d5 13. Bg5 d4 14. Bxf6 Bxf6 15. Ng3 Nd7 16. Kb1 Nb6 17. Ne4 Be5 18. f4 Bd6 19. f6 Re8 20. Nxd6 Qxd6 21. fxg7 c4 22. Qf2 d3 23. cxd3 b3 24. g3 c3 25.
bxc3 Na4 26. Qd2 bxa2+ 27. Ka1 Rab8 28. Bg2 Qa3 29. Rhe1 Rxe1 30. Rxe1 Qxc3+ 31. Qxc3 Nxc3 32. Bb7 Rxb7 33. Re8+ Kxg7 34. Rb8 Rb1+ 35. Rxb1 axb1=R# 0-1

[Event "Early-Titled-Tuesday-Blitz-September-12-2023"]
[Site "Chess.com"]
[Date "2023.09.12"]
[Round "11"]
[White "BillieKimbah"]
[Black "Hikaru"]
[Result "1-0"]
[WhiteElo "3034"]
[BlackElo "3214"]
[TimeControl "180+1"]
[EndTime "10:04:42 PDT"]
[Termination "BillieKimbah won by resignation"]

1. d4 c5 2. d5 e5 3. e4 d6 4. Nc3 a6 5. a4 g6 6. Be2 Bh6 7. Bxh6 Nxh6 8. Nf3 f5 9. a5 O-O 10.
Nd2 b5 11. axb6 Bd7 12. Nc4 Nf7 13. O-O Bc8 14. exf5 gxf5 15. Bh5 Nh6 16. Nb5 axb5 17. Rxa8 Ba6 18. Qd2 f4 19. Ra1 bxc4 20. R1xa6 Qg5 21.
R6a7 Qxh5 22. Rb7 Na6 23. Rxa6 f3 24. Raa7 Nf5 25. Rxh7 Qg6 26. g3 e4 27. Qc3 Nd4 28. Rag7+ Qxg7 29. Rxg7+ Kxg7 30. b7 Rb8 31. Qe3 Rxb7 32.
Qg5+ Kf7 33. Qf4+ Ke8 34. Qxe4+ Re7 35. Qg6+ Kd7 36. h4 Re1+ 37. Kh2 Re2 38. Qf7+ Kd8 39.
h5 Rxf2+ 40. Kh3 Rf1 41. Kg4 Nxc2 42. h6 f2 43. Qg8+ Kc7 44. Qh7+ 1-0

[Event "Early-Titled-Tuesday-Blitz-September-12-2023"]
[Site "Chess.com"]
[Date "2023.09.12"]
[Round "11"]
[White "MBA_CHESS_2021"]
[Black "AsselLesbekova"]
[Result "1-0"]
[WhiteElo "2182"]
[BlackElo "2349"]
[TimeControl "180+1"]
[EndTime "10:04:42 PDT"]
[Termination "MBA_CHESS_2021 won by resignation"]

1. d4 d5 2. c4 e6 3. Nc3 a6 4.
e3 dxc4 5. Bxc4 b5 6. Qf3 Ra7 7. Bd3 Nf6 8. Qe2 c5 9. dxc5 Bxc5 10. Nf3 O-O 11. O-O Nc6 12. Rd1 Rd7 13. a3 Bb7 14. b4 Be7 15. Bb2 h6 16. Ne4 Nd5 17. Rac1 Rc7 18.
Nc5 Bf6 19. Nxb7 Rxb7 20. Rxc6 Bxb2 21. Qxb2 Rd7 22. Ne5 Rd6 23. Rxd6 Qxd6 24. Bb1 Qe7 25. Qc2 Nf6 26. Rd7 Qe8 27. Ng4 Ne4 28. Qxe4 f5 29. Qd4 Qg6 30. Ne5 Qh5 31. Ba2 Kh7 32. Bxe6 Rc8 33.
Nc6 Qg5 34. Bxf5+ 1-0

[Event "Early-Titled-Tuesday-Blitz-September-12-2023"]
[Site "Chess.com"]
[Date "2023.09.12"]
[Round "11"]
[White "viktorskliarov"]
[Black "kleopl"]
[Result "1-0"]
[WhiteElo "2665"]
[BlackElo "2537"]
[TimeControl "180+1"]
[EndTime "10:04:44 PDT"]
[Termination "viktorskliarov won by resignation"]

1. e4 c5 2. Nf3 d6 3. d4 cxd4 4. Qxd4 Nc6 5. Bb5 Bd7 6. Bxc6 Bxc6 7. Nc3 Nf6 8. Bg5 e6 9. O-O-O Be7 10. Rhe1 h6 11.
Bh4 O-O 12. Kb1 Qa5 13. Qd2 Qa6 14. Nd4 Rfc8 15. f3 b5 16. Bf2 b4 17. Nce2 Rab8 18. g4 Nd7 19. h4 Ne5 20. b3 Bb5 21. g5 hxg5 22. hxg5 Bxe2 23. Rxe2 Rc3 24. f4 Nf3 25. Nxf3 Rxf3 26. Rh1 Rc8 27. Be1 f5 28. g6 Bf6 29. e5 dxe5 30. Reh2 Kf8 31. Qd7 1-0

[Event "Early-Titled-Tuesday-Blitz-September-12-2023"]
[Site "Chess.com"]
[Date "2023.09.12"]
[Round "11"]
[White "Byniolus"]
[Black "GlavkonVVS"]
[Result "1-0"]
[WhiteElo "2778"]
[BlackElo "2577"]
[TimeControl "180+1"]
[EndTime "10:04:47 PDT"]
[Termination "Byniolus won by checkmate"]

1. e4 c5 2. b4 cxb4 3. a3 e6 4. axb4 Bxb4 5. c3 Ba5 6. Ba3 Nc6 7. Nf3 d5 8. e5 Nge7 9. d4 a6 10. Bd3 b5 11. O-O b4 12. cxb4 Bxb4 13. Bc1 Nf5 14.
Bxf5 exf5 15. Ba3 Bxa3 16. Rxa3 O-O 17. Nc3 Be6 18. Qa1 a5 19. Rc1 Nb4 20. Nb5 Qb6 21. Nd6 f4 22. h3 h6 23. Rc5 g5 24. Qc1 Ra6 25. h4 g4 26. Qxf4 gxf3 27. Rxf3 Kh7 28.
Rb5 Qd8 29. Rb7 Rb6 30. Nxf7 Rxb7 31. Qxh6+ Kg8 32. Qg6# 1-0

[Event "Early-Titled-Tuesday-Blitz-September-12-2023"]
[Site "Chess.com"]
[Date "2023.09.12"]
[Round "11"]
[White "HrvojeZagreb"]
[Black "wqws"]
[Result "0-1"]
[WhiteElo "2281"]
[BlackElo "2652"]
[TimeControl "180+1"]
[EndTime "10:04:50 PDT"]
[Termination "wqws won by resignation"]

1. f4 e5 2. fxe5 Nc6 3. Nf3 d6 4. exd6 Bxd6 5. Nc3 Nf6 6. d4 O-O 7. Bg5 h6 8. Bh4 g5 9. Nxg5 hxg5 10. Bxg5 Be7 11. e3 Nd5 12. Bxe7 Ncxe7 13. Nxd5 Qxd5 14.
Qd2 Ng6 15. Bd3 Bf5 16. c4 Qe6 17. O-O Bxd3 18. Qxd3 Rae8 19. Rf3 Qe4 20. Qc3 f5 21. Raf1 f4 22. Qb4 Rf7 23. g3 fxe3 24. Rxf7 e2 25. Qb5 Qxd4+ 26. Kg2 exf1=Q+ 27. Rxf1 Qe4+ 28. Kg1 a6 29. Qg5 Qe3+ 30. Kg2 Qxg5 0-1

[Event "Early-Titled-Tuesday-Blitz-September-12-2023"]
[Site "Chess.com"]
[Date "2023.09.12"]
[Round "11"]
[White "Artemiki"]
[Black "charlescandycampbell"]
[Result "1-0"]
[WhiteElo "2185"]
[BlackElo "2280"]
[TimeControl "180+1"]
[EndTime "10:04:50 PDT"]
[Termination "Artemiki won by resignation"]

1. e4 c6 2. d4 d5 3. e5 Bf5 4. h4 h5 5. Bd3 Bxd3 6. Qxd3 e6 7. Bg5 Be7 8. Nf3 Nh6 9. O-O Nf5 10. g3 Nd7 11. Nc3 a6 12. Nd1 c5 13. c3 c4 14.
Qc2 b5 15. Ne3 g6 16. Nxf5 exf5 17. e6 fxe6 18. Rfe1 Kf7 19. Bxe7 Qxe7 20. Ng5+ Kf6 21. Rxe6+ Qxe6 22. Nxe6 Kxe6 23. Re1+ Kf7 24. Qd1 Rhd8 25. Qf3 Nf6 26. Qf4 Rac8 27. Re5 Rd7 28. f3 a5 29. Qh6 Rc6 30. g4 fxg4 31. fxg4 hxg4 32. Rg5 Ne4 33.
Qh7+ Ke8 34. Qg8+ Ke7 35. Re5+ Kd6 36. Qxd5+ Kc7 37. Qxe4 b4 38. Re7 Rd6 39. Rxd7+ Kxd7 40. Qxg4+ Kc6 41. Qc8+ Kd5 42. Qc5+ Ke6 43. Qxc4+ Kd7 44. Qb5+ Ke6 45. Qxa5 bxc3 46. bxc3 Rd5 47. Qxd5+ Kxd5 48. Kf2 Kc4 49. a4 Kd5 50. Kf3 Kc4 51. Kg4 Kxc3 52. a5 Kxd4 53. a6 Kc5 54. a7 Kb6 55. a8=Q Kc7 56. Qe8 1-0

[Event "Early-Titled-Tuesday-Blitz-September-12-2023"]
[Site "Chess.com"]
[Date "2023.09.12"]
[Round "11"]
[White "enestnrvrd"]
[Black "nss13"]
[Result "1-0"]
[WhiteElo "2724"]
[BlackElo "2553"]
[TimeControl "180+1"]
[EndTime "10:04:53 PDT"]
[Termination "enestnrvrd won by resignation"]

1. Nf3 Nf6 2. d4 d5 3. Bg5 Ne4 4. Bh4 Qd6 5. Bg3 Nxg3 6. hxg3 c5 7. c3 Nc6 8. e3 Bg4 9. Nbd2 e6 10. Qa4 Bxf3 11. Nxf3 Be7 12. Bb5 O-O 13. Bd3 h6 14.
dxc5 Qxc5 15. Ke2 e5 16. e4 dxe4 17. Qxe4 f5 18. Qc4+ Kh8 19. Qxc5 Bxc5 20. Nh4 e4 21. Ng6+ Kh7 22. Nxf8+ Rxf8 23. Bc2 Ne5 24. Rad1 Ng4 25.
Rd5 Bxf2 26. Rxf5 Rxf5 27. Bxe4 g6 28. Bxf5 gxf5 29. Rd1 Bxg3 30. Rd7+ Kg6 31. Rxb7 Bf2 32. b4 Kf6 33. a4 Ke6 34. c4 Bd4 35. c5 a5 36. bxa5 Bxc5 37. a6 Kd6 38. a7 Kc6 39.
a8=Q 1-0

[Event "Early-Titled-Tuesday-Blitz-September-12-2023"]
[Site "Chess.com"]
[Date "2023.09.12"]
[Round "11"]
[White "Zavgorodniy_Sergiy"]
[Black "tylityli"]
[Result "1-0"]
[WhiteElo "2525"]
[BlackElo "2330"]
[TimeControl "180+1"]
[EndTime "10:04:54 PDT"]
[Termination "Zavgorodniy_Sergiy won by resignation"]

1. d4 Nf6 2. c4 e6 3. Nf3 Bb4+ 4. Nbd2 b6 5. g3 Bb7 6. Bg2 O-O 7. O-O Bxd2 8.
Qxd2 a5 9. b3 Be4 10. Bb2 d5 11. Rac1 Nbd7 12. Rfd1 Qe7 13. Ne1 Bxg2 14. Nxg2 c5 15.
cxd5 Nxd5 16. Nf4 Nxf4 17. Qxf4 a4 18. dxc5 axb3 19. axb3 Nxc5 20. Qb4 Ra2 21. Rd2 Qg5 22. Rcd1 Qf5 23. f3 h5 24. Kg2 Qg5 25. Bd4 Rxd2 26. Rxd2 Rd8 27. h4 Qf5 28. Qxb6 Rc8 29. Bxc5 Rxc5 30. b4 Rb5 31. Qd4 Rd5 32. Qc3 Rb5 33.
Qc4 Qb1 34. Qxb5 1-0

[Event "Early-Titled-Tuesday-Blitz-September-12-2023"]
[Site "Chess.com"]
[Date "2023.09.12"]
[Round "11"]
[White "Smiechu"]
[Black "F-Ghaith2021"]
[Result "0-1"]
[WhiteElo "2457"]
[BlackElo "2337"]
[TimeControl "180+1"]
[EndTime "10:04:55 PDT"]
[Termination "F-Ghaith2021 won by resignation"]

1. e4 c5 2. Nf3 d6 3. d4 cxd4 4. Nxd4 Nf6 5. Nc3 a6 6. Be3 e5 7. Nb3 Be6 8. Qd2 Nbd7 9. O-O-O Qc7 10. f4 b5 11. f5 Bxb3 12. axb3 Nc5 13. Kb1 Rc8 14. Nd5 Nxd5 15. Qxd5 Qc6 16. Bxc5 Qxc5 17. c3 Be7 18. Be2 O-O 19. h4 Qe3 20. Bf3 b4 21. c4 Qxb3 22. Be2 a5 23. Qd3 Qa4 24. b3 Qc6 25. Qd5 Qb6 26. g4 Ra8 27. Kb2 a4 28. Ra1 Qf2 29. Qd2 axb3 30. g5 Rxa1 31. Rxa1 Qxh4 32. Rg1 Ra8 33. Kxb3 Qh3+ 34. Qd3 Ra3+ 0-1

[Event "Early-Titled-Tuesday-Blitz-September-12-2023"]
[Site "Chess.com"]
[Date "2023.09.12"]
[Round "11"]
[White "emeli_chess"]
[Black "jaskol95"]
[Result "1-0"]
[WhiteElo "2373"]
[BlackElo "2513"]
[TimeControl "180+1"]
[EndTime "10:04:58 PDT"]
[Termination "emeli_chess won by checkmate"]

1. d4 d5 2. c4 e5 3. dxe5 d4 4. Nf3 Nc6 5. g3 Nge7 6. Bg2 Ng6 7. Bg5 Be7 8. Bxe7 Qxe7 9. Nxd4 Qb4+ 10. Nc3 Qxb2 11.
Ndb5 Bf5 12. Nxc7+ Kf8 13. Nxa8 Qxc3+ 14. Kf1 Ngxe5 15.
Qd6+ Kg8 16. Rd1 h6 17. Nc7 Kh7 18. Nd5 Qxc4 19. Ne3 Qa4 20. Nxf5 Rd8 21. Qxd8 Nxd8 22. Rxd8 Qa5 23. Rd5 Qxa2 24. Be4 g6 25. Ne3 Nc6 26. Kg2 Qa4 27. Bf3 Nd4 28. Rd1 Ne6 29. Rd7 Kg7 30. Rxb7 a5 31. Rdd7 Ng5 32. h4 Nxf3 33.
exf3 g5 34. h5 Kf6 35. Rxf7+ Ke5 36. Rbd7 Qa1 37. Rfe7+ Kf6 38. Ng4+ Kf5 39. Re5+ Qxe5 40. Nxe5 a4 41. Ra7 a3 42. Rxa3 g4 43. Nxg4 Kg5 44.
Ra5# 1-0

[Event "Early-Titled-Tuesday-Blitz-September-12-2023"]
[Site "Chess.com"]
[Date "2023.09.12"]
[Round "11"]
[White "AndresDelgado77"]
[Black "Chessbard1972"]
[Result "1-0"]
[WhiteElo "2320"]
[BlackElo "2435"]
[TimeControl "180+1"]
[EndTime "10:04:58 PDT"]
[Termination "AndresDelgado77 won by checkmate"]

1. e4 e5 2. Nc3 Nf6 3. d4 Bb4 4. dxe5 Nxe4 5. Qg4 Nxc3 6. Qxg7 Rf8 7. a3 Be7 8. bxc3 Nc6 9. Nf3 d6 10. Bb5 Bf5 11. O-O Qd7 12. Nd4 Bg6 13. exd6 Qxd6 14. Re1 O-O-O 15. Bxc6 Bf6 16. Bxb7+ Kxb7 17. Rb1+ Kc8 18.
Qh6 Rfe8 19. Bf4 Qd5 20. Qh3+ Qd7 21. Qf3 Rxe1+ 22. Rxe1 Qd5 23. Qh3+ Kb8 24. Rb1+ Ka8 25. Bxc7 Rc8 26. Qxc8# 1-0

[Event "Early-Titled-Tuesday-Blitz-September-12-2023"]
[Site "Chess.com"]
[Date "2023.09.12"]
[Round "11"]
[White "ChainedDowntohell"]
[Black "APOKALIPSA13"]
[Result "1/2-1/2"]
[WhiteElo "2468"]
[BlackElo "2284"]
[TimeControl "180+1"]
[EndTime "10:04:59 PDT"]
[Termination "Game drawn by repetition"]

1. a3 e5 2. c4 a5 3. Nc3 Nc6 4. Nf3 f5 5. d3 Nf6 6. Bg5 Bc5 7. e3 d6 8. Nd5 Be6 9. Bxf6 gxf6 10. Nh4 O-O 11.
Be2 Ne7 12. Nxe7+ Qxe7 13. O-O Kh8 14. Kh1 Rg8 15. d4 Bb6 16. f4 Bd7 17. Bd3 e4 18. Bc2 Rg4 19. g3 Rag8 20. Qd2 Qg7 21. b4 a4 22. c5 Ba7 23. Bd1 Rxg3 24. hxg3 Qxg3 25. Qh2 Qxe3 26. Bh5 Rg3 27. Ng2 Qb3 28. Rfb1 Qc3 29. Rc1 Qb3 30. Rcb1 Qc3 31. Rc1 Qb3 32. Rcb1 1/2-1/2

[Event "Early-Titled-Tuesday-Blitz-September-12-2023"]
[Site "Chess.com"]
[Date "2023.09.12"]
[Round "11"]
[White "MANOJ_MISHRA123"]
[Black "allejam"]
[Result "0-1"]
[WhiteElo "2240"]
[BlackElo "2440"]
[TimeControl "180+1"]
[EndTime "10:04:59 PDT"]
[Termination "allejam won by resignation"]

1. d4 d5 2. Bf4 Nf6 3. e3 c5 4. Nd2 Nc6 5. Ngf3 cxd4 6. exd4 Bg4 7. c3 e6 8. Bb5 Bd6 9. Bxd6 Qxd6 10. Qa4 O-O 11.
Bxc6 bxc6 12. Ne5 c5 13. Qa3 Rfd8 14. Nxg4 Nxg4 15. Qxc5 Qf4 16. Rf1 Rab8 17. O-O-O Nxf2 18. g3 Qf5 19. Nb3 Nd3+ 20. Rxd3 Qxd3 21. Nd2 Rxb2 22. Kxb2 Qxd2+ 23. Ka3 Qd3 24. Rf2 Qa6+ 25. Kb2 Rb8+ 26. Ka1 Qd3 0-1

[Event "Early-Titled-Tuesday-Blitz-September-12-2023"]
[Site "Chess.com"]
[Date "2023.09.12"]
[Round "11"]
[White "Jaka_Brilej"]
[Black "giomar27"]
[Result "1-0"]
[WhiteElo "2425"]
[BlackElo "2247"]
[TimeControl "180+1"]
[EndTime "10:04:59 PDT"]
[Termination "Jaka_Brilej won on time"]

1. d4 Nf6 2. Bg5 Ne4 3. h4 c5 4. dxc5 Qa5+ 5. Nd2 Nxg5 6. hxg5 Qxc5 7. g6 fxg6 8. e3 e6 9. Bd3 Nc6 10. Rxh7 Rxh7 11.
Bxg6+ Kd8 12. Bxh7 b6 13. Ngf3 Ba6 14. Nb3 Qh5 15. Bd3 Bb7 16. Qe2 Qg4 17. O-O-O Nb4 18. Ne5 Qg5 19. f4 Qxg2 20. Qxg2 Bxg2 21. Nxd7 Kxd7 22.
Be4+ Kc7 23. Bxg2 Rc8 24. a3 Nc6 25. Bxc6 Kxc6 26. Nd4+ Kd5 27. Nb5+ Ke4 28. Nxa7 Rc5 29. Rd3 Rh5 30. b4 g5 31. fxg5 Rxg5 32. Nc8 Rg1+ 33.
Kb2 Bg7+ 34. Kb3 b5 35. Nd6+ Kf3 36. Nxb5 Ke2 37. Nd4+ Kf2 38. Nxe6 1-0

[Event "Early-Titled-Tuesday-Blitz-September-12-2023"]
[Site "Chess.com"]
[Date "2023.09.12"]
[Round "11"]
[White "stollenmonster"]
[Black "Agibileg"]
[Result "1-0"]
[WhiteElo "2821"]
[BlackElo "2650"]
[TimeControl "180+1"]
[EndTime "10:05:00 PDT"]
[Termination "stollenmonster won by resignation"]

1. e4 e5 2. Nc3 Nc6 3. g3 Nf6 4. Bg2 Bc5 5. h3 a6 6. Nge2 O-O 7. d3 b5 8. a3 Bb7 9. O-O Nd4 10. Kh2 d5 11. f4 Nxe2 12. Qxe2 exf4 13. Bxf4 dxe4 14.
dxe4 Nd7 15. Rad1 Bd6 16. e5 Bxg2 17. Qxg2 Be7 18. Qc6 Nxe5 19. Bxe5 Qe8 20. Qf3 f6 21. Bxc7 Rc8 22. Nd5 Bc5 23. Bf4 Kh8 24. c3 a5 25. Be3 Bd6 26. Rfe1 Qc6 27. Kg2 Rcd8 28. Nf4 Qc4 29. Bf2 Be5 30. Rxd8 Rxd8 31. Rd1 Re8 32. Qd5 Qc8 33. Nd3 Bc7 34. Nc5 b4 35. axb4 axb4 36. cxb4 h6 37. Qf3 Be5 38. Rd7 Bxb2 39. Qb7 Qxb7+ 40.
Nxb7 Re2 41. Kf3 Rc2 42. b5 Rc3+ 43. Ke4 Rb3 44. b6 Rxb6 45. Bxb6 1-0

[Event "Early-Titled-Tuesday-Blitz-September-12-2023"]
[Site "Chess.com"]
[Date "2023.09.12"]
[Round "11"]
[White "kushbhagat2009"]
[Black "hongnhung1234"]
[Result "0-1"]
[WhiteElo "2616"]
[BlackElo "2540"]
[TimeControl "180+1"]
[EndTime "10:05:01 PDT"]
[Termination "hongnhung1234 won on time"]

1. d4 f5 2. Bf4 Nf6 3. e3 e6 4.
Nf3 b6 5. Bd3 Bb7 6. Nbd2 Bd6 7.
c3 O-O 8. O-O Ne4 9. Bxe4 fxe4 10. Ne5 Be7 11. Qc2 d6 12. Nec4 Nd7 13. a4 a5 14. Bg3 Qe8 15. b4 Qh5 16. bxa5 bxa5 17.
Rab1 Bc6 18. Rb2 Nf6 19. Ra1 h6 20. Nb3 Ng4 21. h3 Nf6 22. Qe2 Qf5 23. Nbd2 Nd5 24. Rc2 Rfb8 25. f3 Nf6 26. fxe4 Nxe4 27. Rf1 Nxg3 0-1

[Event "Early-Titled-Tuesday-Blitz-September-12-2023"]
[Site "Chess.com"]
[Date "2023.09.12"]
[Round "11"]
[White "FARIZA2018"]
[Black "C_K_G"]
[Result "1-0"]
[WhiteElo "2499"]
[BlackElo "2009"]
[TimeControl "180+1"]
[EndTime "10:05:01 PDT"]
[Termination "FARIZA2018 won on time"]

1. e4 c5 2. Nf3 d6 3. d4 cxd4 4.
Nxd4 Nf6 5. Nc3 a6 6. Be2 e5 7.
Nb3 Be6 8. O-O Be7 9. Kh1 Nbd7 10. f4 exf4 11. Bxf4 Ne5 12. Nd4 Bd7 13. Nf5 Bxf5 14.
exf5 O-O 15. Qe1 Rc8 16. Rd1 Qc7 17. Qg3 Kh8 18. Bg5 Qb6 19. Bxf6 Bxf6 20. Nd5 Qxb2 21.
Nxf6 gxf6 22. Qh4 Nc6 23. Rxd6 Rcd8 24. Rxf6 Qxc2 25. Rh6 Qb2 26. Rxh7+ Kg8 27. f6 1-0

[Event "Early-Titled-Tuesday-Blitz-September-12-2023"]
[Site "Chess.com"]
[Date "2023.09.12"]
[Round "11"]
[White "Mesa_1"]
[Black "Casper"]
[Result "1/2-1/2"]
[WhiteElo "2592"]
[BlackElo "2456"]
[TimeControl "180+1"]
[EndTime "10:05:02 PDT"]
[Termination "Game drawn by agreement"]

1. e4 c5 2. Nf3 d6 3. Nc3 Nf6 4. d4 cxd4 5. Nxd4 Nc6 6. Bg5 Bd7 7. Nxc6 Bxc6 8. Bxf6 gxf6 9. Qd2 h5 10. O-O-O Bh6 11.
f4 Qa5 12. Kb1 O-O-O 13. Bc4 e6 14. Bb3 f5 15. Qe3 Kb8 16. Rhe1 fxe4 17. Nxe4 Qf5 18. Nxd6 Qxf4 19. Qxf4 Bxf4 20. Nxf7 Rxd1+ 21. Rxd1 Rf8 22. Bxe6 Bxh2 23. b3 h4 24. Rd2 Bf4 25. Re2 Re8 1/2-1/2

[Event "Early-Titled-Tuesday-Blitz-September-12-2023"]
[Site "Chess.com"]
[Date "2023.09.12"]
[Round "11"]
[White "wannabe2700"]
[Black "marik_spb"]
[Result "1-0"]
[WhiteElo "2618"]
[BlackElo "2457"]
[TimeControl "180+1"]
[EndTime "10:05:08 PDT"]
[Termination "wannabe2700 won on time"]

1. b3 Nf6 2. Bb2 g6 3. Nf3 Bg7 4. g3 O-O 5. Bg2 d5 6. c4 e6 7.
O-O c5 8. cxd5 exd5 9. d4 c4 10. bxc4 dxc4 11. Nc3 Nc6 12. e4 Bg4 13. e5 Ne8 14. Ba3 Bxf3 15. Bxf3 Nxd4 16. Bxb7 Rb8 17. Bd5 Bxe5 18. Bxf8 Kxf8 19. Rb1 Rxb1 20. Qxb1 Nf6 21. Qb4+ Kg7 22. Qxc4 Qd7 23. Re1 Qh3 24. Rxe5 Ng4 25. Qxd4 Qxh2+ 26. Kf1 Nxe5 27. Qxe5+ Kh6 28. Bg2 f5 29. Ne2 Qh5 30. f4 Qg4 31. Kf2 a6 32. Qf6 a5 33. Bf3 1-0

[Event "Early-Titled-Tuesday-Blitz-September-12-2023"]
[Site "Chess.com"]
[Date "2023.09.12"]
[Round "11"]
[White "Kildepiotr"]
[Black "Mariia89"]
[Result "0-1"]
[WhiteElo "2643"]
[BlackElo "2014"]
[TimeControl "180+1"]
[EndTime "10:05:08 PDT"]
[Termination "Mariia89 won by resignation"]

1. Nf3 c5 2. e4 Nc6 3. Bb5 g6 4.
Bxc6 bxc6 5. O-O Bg7 6. c3 Nf6 7. e5 Nd5 8. c4 Nb6 9. b3 O-O 10. Nc3 d6 11. Qe2 Bg4 12. exd6 exd6 13. Bb2 Re8 14.
Qd3 d5 15. cxd5 cxd5 16. Rfe1 Qd7 17. h3 Bf5 18. Qf1 d4 19. Nb5 a6 20. Na3 Qd5 21.
Rxe8+ Rxe8 22. Re1 Re6 23. Qxa6 Bxh3 24. Rxe6 Qxe6 25.
gxh3 Qxh3 26. Qxb6 Qg4+ 27. Kf1 Qxf3 28. Qb8+ Bf8 29.
Nc4 Qh1+ 30. Ke2 Qe4+ 31. Kd1 d3 32. Qe5 Qf3+ 0-1

[Event "Early-Titled-Tuesday-Blitz-September-12-2023"]
[Site "Chess.com"]
[Date "2023.09.12"]
[Round "11"]
[White "ErikRonka"]
[Black "ljm509"]
[Result "1-0"]
[WhiteElo "2535"]
[BlackElo "2362"]
[TimeControl "180+1"]
[EndTime "10:05:12 PDT"]
[Termination "ErikRonka won on time"]

1. e4 e6 2. d4 d5 3. Nc3 dxe4 4.
Nxe4 Nd7 5. Bd3 Ngf6 6. Nf3 Nxe4 7. Bxe4 Nf6 8. Bg5 Be7 9. Bxf6 Bxf6 10. Qd3 h6 11.
O-O-O c6 12. g4 a5 13. h4 a4 14. Kb1 a3 15. g5 Be7 16. b3 Qa5 17. Ne5 Bd6 18.
g6 f5 19. Bxf5 O-O 20. Nf7 exf5 21. Nxd6 Be6 22. Rhe1 Bd5 23. c4 Qb4 24. Nxf5 Bxc4 25. Ne7+ 1-0